 Dungeon Crawl Stone Soup version 0.29.1-15-g9cfb28693d (webtiles) character file.

Game seed: 12378691285240546455

477 Renzlar the Shield-Bearer (level 7, -2/60 HPs)
             Began as a Gnoll Fighter on Apr 9, 2023.
             Slain by an ogre
             ... wielding a +0 giant spiked club
              (26 damage)
             ... on level 4 of the Dungeon.
             The game lasted 00:07:48 (2371 turns).

Renzlar the Shield-Bearer (Gnoll Fighter)           Turns: 2371, Time: 00:07:49

Health: -2/60      AC: 10    Str: 17    XL:     7   Next: 11%
Magic:  10/10      EV:  9    Int:  7    God:
Gold:   810        SH: 10    Dex: 12    Spells: 10/10 levels left

rFire   . . .      SeeInvis .   a - +1 war axe (spect)
rCold   . . .      Faith    .   h - +0 kite shield
rNeg    . . .      Spirit   .   b - +0 scale mail
rPois   .          Reflect  .   (no helmet)
rElec   .          Harm     .   e - +0 cloak
rCorr   .          Rampage  .   k - +0 pair of gloves
Will    .....                   (no boots)
Stlth   +.........              (no amulet)
HPRegen 0.20/turn               (no ring)
MPRegen 0.12/turn               (no ring)

@: no status effects
A: fangs 1, strong nose, distributed training
a: no special abilities


You were on level 4 of the Dungeon.
You visited 1 branch of the dungeon, and saw 4 of its levels.

You collected 810 gold pieces.

Inventory:

Hand Weapons
 a - a +1 spectral war axe (weapon)
Missiles
 j - a throwing net (quivered)
Armour
 b - a +0 scale mail (worn)
 e - a +0 cloak (worn)
 h - a +0 kite shield (worn)
 k - a +0 pair of gloves (worn)
Jewellery
 i - a ring of wizardry
 m - a ring of protection from fire
Scrolls
 o - a scroll of identify
Potions
 c - a potion of attraction {unknown}
 d - 3 potions of might
 f - a potion of mutation {unknown}
 g - 2 potions of curing
 l - a potion of cancellation {unknown}
 n - a potion of haste {unknown}


   Skills:
 + Level 7.0 Fighting
 + Level 2.3 Short Blades
 + Level 2.3 Long Blades
 + Level 5.2 Axes
 + Level 2.3 Maces & Flails
 + Level 2.3 Polearms
 + Level 2.3 Staves
 + Level 2.3 Ranged Weapons
 + Level 2.3 Throwing
 + Level 7.0 Armour
 + Level 2.3 Dodging
 + Level 2.3 Stealth
 + Level 7.0 Shields
 + Level 2.3 Unarmed Combat
 + Level 2.3 Spellcasting
 + Level 1.9 Conjurations
 + Level 1.9 Hexes
 + Level 1.9 Summonings
 + Level 1.9 Necromancy
 + Level 1.9 Translocations
 + Level 1.9 Transmutations
 + Level 1.9 Fire Magic
 + Level 1.9 Ice Magic
 + Level 1.9 Air Magic
 + Level 1.9 Earth Magic
 + Level 1.9 Poison Magic
 + Level 2.6 Invocations
 + Level 2.3 Evocations


You had 10 spell levels left.
You didn't know any spells.
Your spell library contained the following spells:

 Spells                   Type           Power      Damage    Failure   Level
 Ensorcelled Hibernation  Hex/Ice        6%         N/A       89%         2
 Passwall                 Tmut/Erth      2%         N/A       89%         2
 Sublimation of Blood     Necr           3%         N/A       89%         2
 Wereblood                Tmut           3%         N/A       89%         2
 Swiftness                Air            3%         N/A       98%         3
 Summon Hydra             Summ           1%         N/A       100%        7


Dungeon Overview and Level Annotations

Branches:
Dungeon (4/15)
 Temple: D:4-7

Altars:


Innate Abilities, Weirdness & Mutations

You have very sharp teeth.
Your uncanny sense of smell can sniff out nearby items.
Your experience applies equally to all skills.


Message History

The iguana bites you but does no damage.
You slash the iguana!
You kill the iguana!
The ogre hits you with a +0 giant spiked club!
You closely miss the ogre.
Your +1 spectral war axe hits the ogre!
An orc comes into view. It is wielding a +0 whip.
The ogre hits you with a +0 giant spiked club!
You completely miss the ogre.
The ogre is moderately wounded.
Your +1 spectral war axe hits the ogre.
An orc comes into view. It is wielding a +1 antimagic hand axe.
The ogre misses your +1 spectral war axe.
You hit the ogre.
The ogre is severely wounded.
Your +1 spectral war axe hits the ogre!
You kill the ogre!
An ogre comes into view. It is wielding a +0 giant spiked club.
Your Fighting skill increases to level 7!
Your Armour skill increases to level 7!
Your Shields skill increases to level 7!
You have reached level 7!
The ogre shouts!
You slash the orc!
You kill the orc!
You slash the orc!
You kill the orc!
An orc comes into view. It is wielding a +0 mace.
You block the kobold's attack.
An adder comes into view.
The adder hisses angrily.
You slash the kobold!
You kill the kobold!
You barely miss the ogre. You bite the ogre, but do no damage.
Your +1 spectral war axe hits the ogre!
The ogre hits you with a +0 giant spiked club!
You hit the ogre.
The ogre is severely wounded.
Your +1 spectral war axe hits the ogre!
The ogre hits you with a +0 giant spiked club!!
You die...

.............
.(..........
#..............
#......... ....
#....... ....
..##....o# .....
.......So#
##.$..
.....###O##...#
... ##@(....## .
..##........#..
../....<.......
...###..........
... #........#.
.. #...........
.∆ .............
...$.....###.#
..........# ..


You could see an ogre, an adder, 2 orcs and a friendly +1 spectral war axe
(summoned).

Vanquished Creatures
  Grinder (D:3)
  An ogre (D:4)
  A howler monkey (D:4)
  2 iguanas (D:4)
  4 gnolls (D:2)
  2 adders
  A worm (D:2)
  2 dart slugs
  2 orcs (D:4)
  5 bats
  3 endoplasms (D:1)
  A giant cockroach (D:1)
  3 goblins
  4 hobgoblins (D:1)
  3 jackals (D:1)
  3 quokkas
  4 ball pythons
  A frilled lizard (D:2)
  10 kobolds
  4 rats
57 creatures vanquished.

Vanquished Creatures (others)
  A fungus (D:1)
  3 plants (D:1)
4 creatures vanquished.

Grand Total: 61 creatures vanquished

Notes
Turn   | Place    | Note
-------+----------+-------------------------------------------
     0 | D:1      | Renzlar the Gnoll Fighter began the quest for the Orb.
     0 | D:1      | Reached XP level 1. HP: 23/23 MP: 1/1
    31 | D:1      | Found a faded altar of an unknown god.
    67 | D:1      | Reached XP level 2. HP: 25/29 MP: 2/2
   271 | D:1      | Reached XP level 3. HP: 35/35 MP: 3/3
   671 | D:1      | Reached skill level 1 in Invocations
  1168 | D:2      | Reached skill level 1 in Short Blades
  1168 | D:2      | Reached skill level 1 in Long Blades
  1168 | D:2      | Reached skill level 1 in Maces & Flails
  1168 | D:2      | Reached skill level 1 in Polearms
  1168 | D:2      | Reached skill level 1 in Staves
  1168 | D:2      | Reached skill level 1 in Ranged Weapons
  1168 | D:2      | Reached skill level 1 in Throwing
  1168 | D:2      | Reached skill level 1 in Dodging
  1168 | D:2      | Reached skill level 1 in Stealth
  1168 | D:2      | Reached skill level 1 in Unarmed Combat
  1168 | D:2      | Reached skill level 1 in Spellcasting
  1168 | D:2      | Reached skill level 1 in Evocations
  1175 | D:2      | Reached XP level 4. HP: 40/41 MP: 5/5
  1181 | D:2      | Reached skill level 1 in Conjurations
  1181 | D:2      | Reached skill level 1 in Hexes
  1181 | D:2      | Reached skill level 1 in Summonings
  1181 | D:2      | Reached skill level 1 in Necromancy
  1181 | D:2      | Reached skill level 1 in Translocations
  1181 | D:2      | Reached skill level 1 in Transmutations
  1181 | D:2      | Reached skill level 1 in Fire Magic
  1181 | D:2      | Reached skill level 1 in Ice Magic
  1181 | D:2      | Reached skill level 1 in Air Magic
  1181 | D:2      | Reached skill level 1 in Earth Magic
  1181 | D:2      | Reached skill level 1 in Poison Magic
  1743 | D:3      | Identified a scroll of acquirement
  1743 | D:3      | Acquired 701 gold pieces
  1967 | D:3      | Noticed Grinder
  1975 | D:3      | Killed Grinder
  1976 | D:3      | Reached skill level 5 in Axes
  1976 | D:3      | Reached XP level 5. HP: 42/47 MP: 5/8
  1976 | D:3      | Reached XP level 6. HP: 47/53 MP: 5/9
  2367 | D:4      | Reached XP level 7. HP: 35/60 MP: 10/10
  2371 | D:4      | Slain by an ogre

Illustrated notes

Levels and vault maps discovered:
D:1:      saegor_arrival_simple_b, layout_loops_cross,
          shapermc_ecumenical_altar_mp_ritualfount, minmay_crystal_room
D:2:      layout_loops_cross
D:3:      layout_basic, glass_columns_c, minmay_misc_feat_encased,
          hangedman_decor_slide_cut, uniq_grinder
D:4:      layout_cave_pools

Skill      XL: |  1  2  3  4  5  6 |
---------------+-------------------+-----
Invocations    | 1 2 |  2.6
Short Blades   | 1 2 |  2.3
Long Blades    | 1 2 |  2.3
Maces & Flails | 1 2 |  2.3
Polearms       | 1 2 |  2.3
Staves         | 1 2 |  2.3
Ranged Weapons | 1 2 |  2.3
Throwing       | 1 2 |  2.3
Dodging        | 1 2 |  2.3
Stealth        | 1 2 |  2.3
Unarmed Combat | 1 2 |  2.3
Spellcasting   | 1 2 |  2.3
Evocations     | 1 2 |  2.3
Conjurations   | 1 |  1.9
Hexes          | 1 |  1.9
Summonings     | 1 |  1.9
Necromancy     | 1 |  1.9
Translocations | 1 |  1.9
Transmutations | 1 |  1.9
Fire Magic     | 1 |  1.9
Ice Magic      | 1 |  1.9
Air Magic      | 1 |  1.9
Earth Magic    | 1 |  1.9
Poison Magic   | 1 |  1.9
Axes           | 5 |  5.2
Fighting       | 7 |  7.0
Armour         | 7 |  7.0
Shields        | 7 |  7.0

Action                   |  1- 3 |  4- 6 |  7- 9 || total
-------------------------+-------+-------+-------++-------
Melee: War axe           |    93 |    49 |     5 ||   147
       Bite              |     9 |     3 |     1 ||    13
  Use: Scroll            |     4 |     6 |       ||    10
 Stab: Distracted        |       |     1 |       ||     1
Armor: Scale mail        |    39 |    17 |       ||    56
Dodge: Dodged            |    39 |    12 |       ||    51
Block: Buckler           |    11 |       |       ||    11
       Kite shield       |    18 |    21 |     1 ||    40
